 Dungeon Crawl Stone Soup version 0.25-a0-502-g6516661 (webtiles) character file.

Game seed: 5792518608847861876, levelgen mode: deterministic

707 wolfsongas the Shooter (level 7, -4/53 HPs)
             Began as a Gnoll Wanderer on Feb 13, 2020.
             Was an Initiate of Okawaru.
             Killed from afar by a white imp (9 damage)
             ... with a puff of frost
             ... summoned by Natasha
             ... on level 3 of the Dungeon.
             The game lasted 00:06:17 (3543 turns).

wolfsongas the Shooter (Gnoll Wanderer)             Turns: 3543, Time: 00:06:18

Health: -4/53      AC:  6    Str: 13    XL:     7   Next: 67%
Magic:  10/10      EV: 11    Int: 14    God:    Okawaru [......]
Gold:   167        SH:  0    Dex: 18    Spells: 11/11 levels left

rFire    . . .     SeeInvis .   i - +2 halberd (vorpal)
rCold    . . .     Gourm    .   (shield currently unavailable)
rNeg     . . .     Faith    .   b - +1 ring mail
rPois    .         Spirit   .   (no helmet)
rElec    .         Reflect  .   (no cloak)
rCorr    .         Harm     .   (no gloves)
MR       .....                  (no boots)
Stlth    ++........             (no amulet)
HPRegen  0.17/turn              (no ring)
MPRegen  0.12/turn              (no ring)

@: about to teleport, lightly drained
A: distributed training, fangs 1, strong nose
a: Renounce Religion


You were on level 3 of the Dungeon.
You worshipped Okawaru.
Okawaru was noncommittal.
You were not hungry.

You visited 1 branch of the dungeon, and saw 3 of its levels.
You also visited: Sewer.

You collected 167 gold pieces.

Inventory:

Hand Weapons
 a - a +3 spear
 i - a +2 vorpal halberd (weapon)
Missiles
 e - 36 arrows
Armour
 b - a +1 ring mail (worn)
Wands
 g - a wand of flame (3)
Scrolls
 c - 4 scrolls of teleportation
 f - 2 scrolls of magic mapping
 o - a scroll of enchant armour
Potions
 h - 3 potions of flight
 j - a potion of brilliance
 k - a potion of haste
Comestibles
 d - 4 rations


   Skills:
 + Level 3.7(3.1) Fighting
 + Level 2.6(2.0) Short Blades
 + Level 2.6(2.0) Long Blades
 + Level 2.6(2.0) Axes
 + Level 2.6(2.0) Maces & Flails
 + Level 7.1(6.4) Polearms
 + Level 2.6(2.0) Staves
 + Level 2.6(2.0) Slings
 + Level 7.1(6.4) Bows
 + Level 2.6(2.0) Crossbows
 + Level 2.6(2.0) Throwing
 + Level 3.7(3.1) Armour
 + Level 2.6(2.0) Dodging
 + Level 3.5(3.0) Stealth
 + Level 3.7(3.1) Shields
 + Level 2.6(2.0) Unarmed Combat
 + Level 2.6(2.0) Spellcasting
 + Level 2.1(1.5) Conjurations
 + Level 2.1(1.5) Hexes
 + Level 2.1(1.5) Charms
 + Level 2.1(1.5) Summonings
 + Level 2.1(1.5) Necromancy
 + Level 2.1(1.5) Translocations
 + Level 2.1(1.5) Transmutations
 + Level 2.1(1.5) Fire Magic
 + Level 2.1(1.5) Ice Magic
 + Level 2.1(1.5) Air Magic
 + Level 2.1(1.5) Earth Magic
 + Level 2.1(1.5) Poison Magic
 + Level 2.9(2.3) Invocations
 + Level 2.6(2.0) Evocations


You had 11 spell levels left.
You didn't know any spells.
Your spell library was empty.

Dungeon Overview and Level Annotations

Branches:
Dungeon (3/15)              Sewer (visited)

Altars:
Elyvilon
Nemelex Xobeh
Okawaru
Yredelemnul
The Shining One

Annotations:
D:3 Natasha


Innate Abilities, Weirdness & Mutations

Your experience applies equally to all skills.
You have very sharp teeth.
Your uncanny sense of smell can sniff out nearby items.


Message History

* * * LOW HITPOINT WARNING * * *
Natasha claws the bush but does no damage.
The shadow imp completely misses you.
As you read the scroll of teleportation, it crumbles to dust.
You feel strangely unstable.
Natasha claws the bush!
The white imp summons a swarm of flies.
The white imp gestures at you. The puff of frost hits you!
* * * LOW HITPOINT WARNING * * *
The shadow imp barely misses you.
Okay, then.
You feel better.
Natasha claws the bush but does no damage.
The white imp gestures at you. The puff of frost hits you!
* * * LOW HITPOINT WARNING * * *
The shadow imp barely misses you. The white imp gestures at you.
The puff of frost hits you!
You die...

..............#.≈≈≈≈...####.#(##.
..............######...# #.#.##.
.[.....................# #......
......................)# #.###.#
.............♣♣♣♣......####.#....
)...........♣♣.P♣♣.....##...#...>
÷..........♣♣.PP♣P♣....##........
...........♣♣..P.♣♣....##...#....
...........♣PPPP@P♣....##...#...)
...........♣♣PP.P♣♣....##...###.#
............♣hP55♣.....##.....)..
.............♣♣.♣...........#.#.#
.......................######.#..
..............................###
.......................######....
♣PP..............................
♣P.....................######....


You could see Natasha, a white imp and a shadow imp.

Vanquished Creatures
  A phantom (D:2)
  An ogre (D:3)
  4 big kobolds (Sewer)
  Natasha (D:3)
  3 gnolls (D:3)
  A river rat (Sewer)
  7 adders
  5 oozes
  6 worms
  4 dart slugs
  A leopard gecko (D:3)
  6 bats
  2 giant cockroaches
  5 goblins
  6 hobgoblins
  5 jackals (D:1)
  6 quokkas
  7 ball pythons
  2 frilled lizards
  11 kobolds
  10 rats
94 creatures vanquished.

Notes
Turn   | Place    | Note
-------+----------+-------------------------------------------
     0 | D:1      | wolfsongas the Gnoll Wanderer began the quest for the Orb.
     0 | D:1      | wolfsongas set off with the following items: a +2 spear, a
                  | +0 ring mail, a scroll of teleportation, a ration
     0 | D:1      | Reached XP level 1. HP: 17/17 MP: 1/1
    48 | D:1      | Reached XP level 2. HP: 23/23 MP: 2/2
   278 | D:1      | Reached XP level 3. HP: 28/28 MP: 3/3
   683 | D:2      | Reached skill level 1 in Invocations
   827 | D:2      | Reached skill level 1 in Short Blades
   827 | D:2      | Reached skill level 1 in Long Blades
   827 | D:2      | Reached skill level 1 in Axes
   827 | D:2      | Reached skill level 1 in Maces & Flails
   827 | D:2      | Reached skill level 1 in Staves
   827 | D:2      | Reached skill level 1 in Slings
   827 | D:2      | Reached skill level 1 in Crossbows
   827 | D:2      | Reached skill level 1 in Throwing
   827 | D:2      | Reached skill level 1 in Dodging
   827 | D:2      | Reached skill level 1 in Unarmed Combat
   827 | D:2      | Reached skill level 1 in Spellcasting
   827 | D:2      | Reached skill level 1 in Evocations
   850 | D:2      | Reached XP level 4. HP: 29/34 MP: 5/5
   980 | D:2      | Noticed a phantom
  1026 | D:2      | Killed a phantom
  1026 | D:2      | Reached skill level 1 in Conjurations
  1026 | D:2      | Reached skill level 1 in Hexes
  1026 | D:2      | Reached skill level 1 in Charms
  1026 | D:2      | Reached skill level 1 in Summonings
  1026 | D:2      | Reached skill level 1 in Necromancy
  1026 | D:2      | Reached skill level 1 in Translocations
  1026 | D:2      | Reached skill level 1 in Transmutations
  1026 | D:2      | Reached skill level 1 in Fire Magic
  1026 | D:2      | Reached skill level 1 in Ice Magic
  1026 | D:2      | Reached skill level 1 in Air Magic
  1026 | D:2      | Reached skill level 1 in Earth Magic
  1026 | D:2      | Reached skill level 1 in Poison Magic
  1026 | D:2      | Reached XP level 5. HP: 27/41 MP: 5/7
  1483 | D:2      | Found a basalt altar of Yredelemnul.
  1485 | D:2      | Found a glowing golden altar of the Shining One.
  1487 | D:2      | Found a white marble altar of Elyvilon.
  1746 | D:3      | Found a glowing drain.
  1756 | Sewer    | Entered a sewer
  1948 | Sewer    | Noticed a big kobold
  1970 | Sewer    | Killed a big kobold
  1970 | Sewer    | Reached XP level 6. HP: 44/47 MP: 8/8
  2736 | Sewer    | Reached XP level 7. HP: 42/52 MP: 10/10
  2867 | D:3      | Found an iron altar of Okawaru.
  2914 | D:3      | Became a worshipper of Warmaster Okawaru
  3211 | D:3      | Found a sparkling altar of Nemelex Xobeh.
  3244 | D:3      | Noticed Natasha
  3248 | D:3      | Killed Natasha
  3504 | D:3      | Noticed Natasha
  3543 | D:3      | Killed from afar by a white imp

Levels and vault maps discovered:
D:1:      saegor_arrival_simple_b, layout_loops_cross
D:2:      layout_basic, minitemple, minmay_quadrilaterals
D:3:      layout_basic, overflow_temple_1_default, portal_sewer_entry_b,
          serial_forest, infiniplex_forest_straight_2,
          infiniplex_forest_clump_double, infiniplex_forest_end_2,
          infiniplex_forest_end_3, infiniplex_forest_clump_medium,
          infiniplex_forest_lined_ring, infiniplex_forest_clump_double,
          st_stairs_3, minivault_26, nemelex_diamond_rough_becter, uniq_natasha

Skill      XL: |  1  2  3  4  5  6  7 |
---------------+----------------------+-----
Invocations    | 1 2 |  2.9
Short Blades   | 1 2 |  2.6
Long Blades    | 1 2 |  2.6
Axes           | 1 2 |  2.6
Maces & Flails | 1 2 |  2.6
Staves         | 1 2 |  2.6
Slings         | 1 2 |  2.6
Crossbows      | 1 2 |  2.6
Throwing       | 1 2 |  2.6
Dodging        | 1 2 |  2.6
Unarmed Combat | 1 2 |  2.6
Spellcasting   | 1 2 |  2.6
Evocations     | 1 2 |  2.6
Fighting       | 3 |  3.7
Armour         | 3 |  3.7
Shields        | 3 |  3.7
Conjurations   | 1 2 |  2.1
Hexes          | 1 2 |  2.1
Charms         | 1 2 |  2.1
Summonings     | 1 2 |  2.1
Necromancy     | 1 2 |  2.1
Translocations | 1 2 |  2.1
Transmutations | 1 2 |  2.1
Fire Magic     | 1 2 |  2.1
Ice Magic      | 1 2 |  2.1
Air Magic      | 1 2 |  2.1
Earth Magic    | 1 2 |  2.1
Poison Magic   | 1 2 |  2.1
Stealth        | 3 |  3.5
Polearms       | 7 |  7.1
Bows           | 7 |  7.1

Action                   |  1- 3 |  4- 6 |  7- 9 || total
-------------------------+-------+-------+-------++-------
Melee: Spear             |    98 |   253 |    45 ||   396
       Bite              |     6 |    21 |    11 ||    38
       Halberd           |       |       |    41 ||    41
       Punch             |       |       |     1 ||     1
Evoke: Wand              |       |       |     4 ||     4
  Use: Scroll            |     2 |     4 |     7 ||    13
       Potion            |       |     1 |     4 ||     5
 Stab: Sleeping          |     2 |     2 |     3 ||     7
       Distracted        |       |     1 |       ||     1
  Eat: Chunk             |       |     3 |     1 ||     4
       Ration            |       |     1 |     1 ||     2
Armor: Ring mail         |    21 |    49 |    11 ||    81
       Skin              |       |     2 |     1 ||     3
Dodge: Dodged            |    25 |    66 |    31 ||   122

Table legend:
 A = Non-vault XP
 B = Vault XP
 C = Vault XP percentage of total XP
 D = Non-vault monster count
 E = Vault monster count
 F = Vault count percentage of total count
                 A         B        C        D         E       F
            +---------+---------+-------+---------+---------+-------
      Total |     212 |     798 |  79.0 |      64 |      30 |  31.9
            +---------+---------+-------+---------+---------+-------
        D:1 |      48 |       0 |   0.0 |      21 |       0 |   0.0
        D:2 |      63 |     136 |  68.3 |      23 |       6 |  20.7
        D:3 |     101 |     160 |  61.3 |      20 |       4 |  16.7
      Sewer |       0 |     502 | 100.0 |       0 |      20 | 100.0
            +---------+---------+-------+---------+---------+-------
